 Dungeon Crawl Stone Soup version 0.30-a0-159-g068b764562 (webtiles) character file.

Game seed: 11648006840652957212

311 qw the Chopper (level 6, 0/38 HPs)
             Began as a Gargoyle Fighter on Sept 27, 2022.
             Slain by a lemure (8 damage)
             ... led by Pikel
             ... on level 4 of the Dungeon.
             The game lasted 00:01:20 (3879 turns).

qw the Chopper (Gargoyle Fighter)                   Turns: 3879, Time: 00:01:20

Health: 0/38       AC: 11    Str: 22    XL:     6   Next: 42%
Magic:  6/6        EV:  9    Int:  8    God:
Gold:   146        SH:  4    Dex:  9    Spells: 5/5 levels left

rFire   . . .      SeeInvis .    Y - +1 war axe (chaos)
rCold   . . .      Faith    .    c - +0 buckler
rNeg    + + .      Spirit   .    b - +0 scale mail
rPois   inf        Reflect  .    (no helmet)
rElec   +          Harm     .    (no cloak)
rCorr   .          Rampage  .    (no gloves)
Will    .....                    (no boots)
Stlth   ..........               (no amulet)
HPRegen 0.12/turn                k - ring of positive energy
MPRegen 0.10/turn                (no ring)

@: no status effects
A: sickness immunity, AC +4, negative energy resistance 1, electricity
resistance, torment resistance 1, petrification resistance
a: no special abilities


You were on level 4 of the Dungeon.
You visited 1 branch of the dungeon, and saw 4 of its levels.

You collected 146 gold pieces.


Innate Abilities, Weirdness & Mutations

You are immune to sickness and miasma.
Your stone body is resilient. (AC +4)
You are immune to poison.
You resist negative energy. (rN+)
You are resistant to electric shocks. (rElec)
You are resistant to unholy torment.
You are immune to petrification.


   Skills:
 - Level 4.0 Fighting
 + Level 5.4 Axes
 - Level 3.2 Armour
 - Level 1.0 Dodging
 - Level 3.2 Shields


You had 5 spell levels left.
You didn't know any spells.
Your spell library was empty.

Inventory:

Hand Weapons
 p - a +0 club
 q - a +0 mace
 Y - a +1 war axe of chaos (weapon)
Armour
 b - a +0 scale mail (worn)
 c - a +0 buckler (worn)
 i - a +0 helmet
Jewellery
 k - a ring of positive energy (left hand)
Wands
 a - a wand of digging (6)
Scrolls
 g - 3 scrolls of identify
 h - a scroll of fear {unknown}
 m - a scroll of teleportation
Potions
 d - 2 potions of might
 e - 2 potions of heal wounds
 f - 3 potions of lignification
 j - 2 potions of mutation
 l - a potion of flight {unknown}
 n - a potion of haste
 o - a potion of curing {unknown}

Dungeon Overview and Level Annotations

Branches:
Dungeon (4/15)
 Temple: D:4-7

Altars:

Shops:
D:1 *

Annotations:
D:4 Pikel


Message History

The orc closely misses you. You block the orc's attack.
You hit the orc but do no damage.
The orc is heavily wounded.
You block the orc's attack. The orc closely misses you.
You hit the orc.
You kill the orc!
q - a +0 mace
Things that are here:
a +0 scale mail; an orc corpse You now have 146 gold pieces (gained 12).
Pikel shouts!
The lemure shouts!
You hear a shout! x2
You barely miss the lemure. The lemure hits you.
You closely miss Pikel. You barely miss the lemure.
The lemure hits you but does no damage. You block Pikel's attack.
You barely miss Pikel. You slash the lemure!
The lemure is poisoned.
The lemure hits you but does no damage. Pikel barely misses you.
The lemure hits you but does no damage.
You hit the lemure but do no damage.
The lemure is moderately wounded.
You closely miss Pikel.
Pikel hits you with a +1 whip of freezing.
Pikel freezes you. The lemure hits you.
Pikel hits you with a +1 whip of freezing!
Pikel freezes you.
You hit the lemure but do no damage. Lightning courses through the lemure!
The lemure is severely wounded.
You hit Pikel.
Pikel seems to slow down.
Pikel hits you but does no damage.
You closely miss the lemure.
The lemure is severely wounded.
You hit the lemure.
The lemure is moving more slowly.
You barely miss Pikel.
The lemure hits you but does no damage. x2
Pikel hits you with a +1 whip of freezing.
Pikel freezes you. The lemure hits you but does no damage. The lemure hits you!
You barely miss the lemure.
The lemure is severely wounded.
You completely miss the lemure. You hit Pikel. The lemure hits you.
The lemure hits you!
You die...

.## ....... ... .......
.##.### ....... ......##
....... #..... . .......
##...##### ... .......
##..#....5##..... #.(...
####..##..##@55.# #.
#####.........###K......
## #.......[.....#
5##..#. ####
#........)....# .# ...
.....###
#.............## .######
##.....
#..............##....#
#......
#....................#
#.#####
#............#.#.....# #
#........#####.....[.# #


You could see Pikel (slow) and 4 lemures.

Vanquished Creatures
  Duvessa (D:4)
  Dowan (D:4)
  2 iguanas
  Robin (D:4)
  2 adders (D:2)
  4 worms (D:2)
  2 dart slugs (D:2)
  2 orcs (D:4)
  4 endoplasms
  4 giant cockroaches
  10 goblins
  10 hobgoblins
  5 kobolds
  3 quokkas
  6 ball pythons
  2 bats
  2 frilled lizards (D:1)
  6 rats
67 creatures vanquished.

Notes
Turn   | Place    | Note
-------+----------+-------------------------------------------
     0 | D:1      | qw the Gargoyle Fighter began the quest for the Orb.
     0 | D:1      | Reached XP level 1. HP: 14/14 MP: 1/1
     0 | D:1      | 0 ||| qw: Version: 0.2-a-10-g37ed214
     0 | D:1      | 0 ||| qw: Game counter: 575
     0 | D:1      | 0 ||| qw: Always use a shield: true
     0 | D:1      | 0 ||| qw: God list: Okawaru
     0 | D:1      | 0 ||| qw: Allow faded altars: false
     0 | D:1      | 0 ||| qw: Do Orc after D:15 true
     0 | D:1      | 0 ||| qw: Do second Lair branch before Depths: true
     0 | D:1      | 0 ||| qw: Lair rune preference: random
     0 | D:1      | 0 ||| qw: Plans: Normal, Zot:1-4, God:TSO, Crypt, Tomb,
                  | Pan, Slime:5, Hells, Abyss, Orb
     0 | D:1      | 0 ||| PLANNING D:1-11
    48 | D:1      | Reached skill level 2 in Axes
    66 | D:1      | Found Kiguroha's General Store.
    78 | D:1      | 78 ||| SHOPLISTING +0 club (12 gold, have 0).
    81 | D:1      | 81 ||| Stepping ~*~*~tactically~*~*~ (stealth).
    88 | D:1      | Reached XP level 2. HP: 19/19 MP: 2/2
   796 | D:1      | Reached skill level 3 in Axes
   804 | D:1      | 804 ||| READING scroll labelled TEORUMMICUZ.
   805 | D:1      | 805 ||| READING 4 scrolls labelled YSAGRE HYUCOE.
   806 | D:1      | 806 ||| READING scroll labelled HEULIF ULIAPNA.
   807 | D:1      | 807 ||| DROPPING +0 club.
   808 | D:1      | 808 ||| READING scroll labelled LOTUNYUDAL.
   811 | D:1      | 811 ||| READING scroll labelled HUF EGHIDAE.
   812 | D:1      | 812 ||| READING scroll labelled DAYVUTOMMI.
   813 | D:1      | 813 ||| READING 3 scrolls of identify.
   813 | D:1      | 813 ||| IDENTIFYING sedimented grey potion
   814 | D:1      | 814 ||| READING 2 scrolls of identify.
   814 | D:1      | 814 ||| IDENTIFYING cyan potion
   861 | D:2      | Reached XP level 3. HP: 17/23 MP: 3/3
   880 | D:2      | 880 ||| Stepping ~*~*~tactically~*~*~ (stealth).
  1240 | D:2      | Found a faded altar of an unknown god.
  1267 | D:2      | 1267 ||| Stepping ~*~*~tactically~*~*~ (stealth).
  1280 | D:2      | Reached skill level 4 in Axes
  1280 | D:2      | Reached XP level 4. HP: 28/28 MP: 4/4
  1283 | D:2      | 1283 ||| Stepping ~*~*~tactically~*~*~ (stealth).
  1301 | D:2      | 1301 ||| Stepping ~*~*~tactically~*~*~ (stealth).
  1303 | D:2      | 1303 ||| Stepping ~*~*~tactically~*~*~ (stealth).
  1337 | D:2      | 1337 ||| Stepping ~*~*~tactically~*~*~ (stealth).
  1369 | D:2      | 1369 ||| Stepping ~*~*~tactically~*~*~ (hiding).
  1415 | D:2      | 1415 ||| Stepping ~*~*~tactically~*~*~ (hiding).
  1418 | D:2      | 1418 ||| Stepping ~*~*~tactically~*~*~ (hiding).
  1725 | D:2      | 1725 ||| READING scroll labelled QANAKEEMONT.
  1726 | D:2      | 1726 ||| READING scroll labelled LOSISIO PUUV.
  1727 | D:2      | 1727 ||| READING scroll labelled ACVINE WIYSOX.
  1728 | D:2      | 1728 ||| READING 5 scrolls of identify.
  1728 | D:2      | 1728 ||| IDENTIFYING fuming golden potion
  2938 | D:3      | 2938 ||| DROPPING ring of flight.
  2939 | D:3      | 2939 ||| DROPPING ring of wizardry.
  2940 | D:3      | 2940 ||| UPGRADING to ring of positive energy.
  2941 | D:3      | 2941 ||| READING scroll labelled LAENYT BEGAR.
  2942 | D:3      | 2942 ||| READING 4 scrolls of identify.
  2942 | D:3      | 2942 ||| IDENTIFYING coppery potion
  2943 | D:3      | 2943 ||| READING 3 scrolls of identify.
  2943 | D:3      | 2943 ||| IDENTIFYING bubbling blue potion
  2944 | D:3      | 2944 ||| DROPPING potion of ambrosia.
  2972 | D:4      | Noticed Duvessa
  2972 | D:4      | Noticed Dowan
  2983 | D:4      | Killed Duvessa
  2984 | D:4      | Reached skill level 5 in Axes
  2984 | D:4      | Reached XP level 5. HP: 15/32 MP: 5/5
  2995 | D:4      | Killed Dowan
  2996 | D:4      | Reached XP level 6. HP: 17/38 MP: 6/6
  2996 | D:4      | 2996 ||| FLEEEEING.
  2997 | D:4      | 2997 ||| STAIRDANCE
  3203 | D:4      | 3203 ||| Stepping ~*~*~tactically~*~*~ (stealth).
  3217 | D:4      | Noticed Robin
  3218 | D:4      | 3218 ||| Stepping ~*~*~tactically~*~*~ (hiding).
  3224 | D:4      | 3224 ||| Stepping ~*~*~tactically~*~*~ (stealth).
  3228 | D:4      | Killed Robin
  3305 | D:4      | 3305 ||| Stepping ~*~*~tactically~*~*~ (stealth).
  3306 | D:4      | 3306 ||| Stepping ~*~*~tactically~*~*~ (stealth).
  3321 | D:4      | Reached skill level 1 in Dodging
  3343 | D:4      | 3343 ||| READING scroll of brand weapon.
  3343 | D:4      | 3343 ||| BRANDING +1 war axe of flaming.
  3395 | D:4      | Noticed Pikel
  3396 | D:4      | 3396 ||| Stepping ~*~*~tactically~*~*~ (stealth).
  3401 | D:4      | 3401 ||| Stepping ~*~*~tactically~*~*~ (stealth).
  3403 | D:4      | 3403 ||| Stepping ~*~*~tactically~*~*~ (stealth).
  3408 | D:4      | HP: 9/38 [Pikel/+1 whip of freezing (3)]
  3409 | D:4      | 3409 ||| READING 2 scrolls of teleportation.
  3410 | D:4      | 3410 ||| DRINKING 3 potions of heal wounds.
  3514 | D:4      | 3514 ||| Invisible monster not found???
  3736 | D:4      | 3736 ||| Stepping ~*~*~tactically~*~*~ (hiding).
  3737 | D:4      | 3737 ||| Stepping ~*~*~tactically~*~*~ (hiding).
  3879 | D:4      | HP: 8/38 [lemure[Pikel] (4)]
  3879 | D:4      | Slain by a lemure

Levels and vault maps discovered:
D:1:      wander_arrival_abandoned_jail, layout_loops_ring, serial_shops, shop
D:2:      layout_basic, ebering_ecumenical_altar_webs, minmay_three_crescents
D:3:      layout_loops_corners, serial_co_window_serial, co_window_paths_a,
          co_window_of_opportunity_a, co_window_corner_a, co_window_corner_a,
          co_window_paths_a, co_window_paths_b, co_window_paths_b,
          co_window_corner_b, co_window_corner_b, co_window_2corner,
          co_window_paths_d, co_window_4corner_b, glass_columns_a,
          chequers_serial_rivers_small_a
D:4:      layout_rooms, uniq_duvessa, uniq_robin, uniq_pikel

Skill      XL: |  1  2  3  4  5  6 |
---------------+-------------------+-----
Axes           | 2 3 4 5 |  5.4
Fighting       | 4 |  4.0
Dodging        | 1 |  1.0
Armour         | |  3.2
Shields        | |  3.2

Action                   |  1- 3 |  4- 6 || total
-------------------------+-------+-------++-------
Melee: War axe           |    88 |   111 ||   199
  Use: Scroll            |     8 |     9 ||    17
       Potion            |       |     1 ||     1
Armor: Scale mail        |    46 |    52 ||    98
Dodge: Dodged            |    35 |    48 ||    83
Block: Buckler           |    15 |    20 ||    35

Table legend:
 A = Non-vault XP
 B = Vault XP
 C = Vault XP percentage of total XP
 D = Non-vault monster count
 E = Vault monster count
 F = Vault count percentage of total count
                 A         B        C        D         E       F
            +---------+---------+-------+---------+---------+-------
      Total |     142 |     303 |  68.1 |      46 |      21 |  31.3
            +---------+---------+-------+---------+---------+-------
        D:1 |      31 |       0 |   0.0 |      19 |       0 |   0.0
        D:2 |      47 |      55 |  53.9 |      12 |       6 |  33.3
        D:3 |       8 |       0 |   0.0 |       5 |       0 |   0.0
        D:4 |      56 |     248 |  81.6 |      10 |      15 |  60.0
            +---------+---------+-------+---------+---------+-------
